 Dungeon Crawl Stone Soup version 0.14-a0-1413-g94b8a5e (webtiles) character file.

261 Ololoev the Caller (level 4, -2/30 HPs)
             Began as a Demonspawn Summoner on Dec 12, 2013.
             Killed from afar by an orc wizard (8 damage)
             ... with a magic dart
             ... on Level 3 of the Dungeon.
             The game lasted 00:13:13 (1575 turns).

Ololoev the Caller (Demonspawn Summoner)            Turns: 1575, Time: 00:13:14

HP  -2/30        AC  4     Str 10      XL: 4   Next: 55%
MP   5/9         EV 11     Int 16      God:
Gold 155         SH  0     Dex 15      Spells:  2 memorised,  6 levels left

rFire  . . .     SeeInvis .     t - +1 dwarf short sword
rCold  . . .     Clarity  .     e - +0 leather armour
rNeg   . . .     Conserve .     (no shield)
rPois  .         rCorr    .     g - +1 wizard hat {MR+}
rElec  .         rRot     .     (no cloak)
SustAb . .       Spirit   .     (no gloves)
rMut   .         Warding  .     (no boots)
Saprov . . .     Stasis   .     (no amulet)
                                (no ring)
                                (no ring)

@: somewhat resistant to hostile enchantments, fairly stealthy
A: talons 1, thin skeletal structure 1, powered by death 1
a: no special abilities


You were on level 3 of the Dungeon.
You were not hungry.

You visited 1 branch of the dungeon, and saw 3 of its levels.

You collected 155 gold pieces.

Inventory:

Hand weapons
 t - a +1,+1 dwarven short sword (weapon)
Missiles
 d - 4 javelins
 n - 5 tomahawks (quivered)
Armour
 e - a +0 leather armour (worn)
 g - a +1 wizard hat of magic resistance (worn)
Comestibles
 c - 2 bread rations
 i - a meat ration
 r - a snozzcumber
Scrolls
 f - 3 scrolls of identify
 j - a scroll of recharging {unknown}
 k - a scroll of noise {unknown}
 l - a scroll of teleportation {unknown}
 o - a scroll of remove curse
 q - a scroll of fear {unknown}
Jewellery
 m - a cursed -2 ring of evasion {unknown}
Potions
 a - 2 potions of curing
 h - 2 potions of might {unknown}
 p - a potion of confusion {unknown}
 s - a potion of lignification {unknown}
Books
 b - a book of Callings

   Spells                             Type                      Level
   *Summon Small Mammal               Summoning                    1
   *Call Imp                          Summoning                    2
   Call Canine Familiar               Summoning                    3
   Summon Scorpions                   Summoning/Poison             4
   Summon Ice Beast                   Ice/Summoning                4


   Skills:
 - Level 1.7 Dodging
 - Level 1.7 Stealth
 - Level 3.1 Spellcasting
 + Level 5.3 Summonings


You had 6 spell levels left.
You knew the following spells:

 Your Spells              Type           Power        Failure   Level  Hunger
a - Summon Small Mammal   Summ           ###.         1%          1    None
b - Call Imp              Summ           ###.......   3%          2    ##.....


Dungeon Overview and Level Annotations

Branches:
Dungeon (3/16)

Altars:
Yredelemnul


Innate Abilities, Weirdness & Mutations

You have sharp toenails.
You have a somewhat thin skeletal structure (Dex +2, Stlth).
You can steal the life force of nearby defeated enemies.


Message History

* * * LOW HITPOINT WARNING * * *
Your crimson imp hits the orc.
Drink which item? (? for menu, Esc to quit)
You feel better. The rat misses your crimson imp.
The orc wizard hits you with an orcish dagger!
* * * LOW HITPOINT WARNING * * *
What do you say? t - Shout!
Orders for allies: a - Attack new target. r - Retreat! s - Stop attacking. w - Wait here. f - Follow me.
Anything else - Stay silent.
Gang up on whom?
Press: ? - help, Dir - move target cursor, f - orc wizard
Aim: an orc wizard, wielding an orcish dagger and wearing an orcish robe (moderately wounded) Attack!
The orc closely misses your crimson imp.
The orc wizard points at you and mumbles some strange words.
The magic dart hits you!
You die...

#...# #........# ###%#
#........# ####'#######
#........# #....<.....#
#........# #..........#
#........#
#..%.......###........#
+..........#..........#
#....5.....+.#.........
#....o@....###........#
#####5###### ##.#######
#.ro# #...# #.### ###)#
#.. #.# #. ###'##### #.
#....>... # #........
+........


You could see an orc wizard, an orc, a rat, a friendly crimson imp and a
friendly white imp.

Vanquished Creatures
  4 adders
  A giant mite (D:1)
  An orc (D:3)
  9 bats
  4 giant cockroaches
  6 goblins
  6 hobgoblins
  A quokka (D:2)
  2 ball pythons (D:3)
  A giant gecko (D:1)
  3 giant newts
  3 kobolds
  4 rats
45 creatures vanquished.

Vanquished Creatures (collateral kills)
  2 adders (D:2)
  A giant cockroach (D:2)
3 creatures vanquished.

Grand Total: 48 creatures vanquished

Notes
Turn   | Place    | Note
--------------------------------------------------------------
     0 | D:1      | Ololoev, the Demonspawn Summoner, began the quest for the Orb.
     0 | D:1      | Reached XP level 1. HP: 13/13 MP: 3/3
   314 | D:1      | Gained mutation: You have a somewhat thin skeletal structure (Dex +2, Stlth). [demonic ancestry]
   314 | D:1      | Reached XP level 2. HP: 19/19 MP: 5/5
   656 | D:1      | Learned a level 2 spell: Call Imp
   784 | D:2      | Gained mutation: You can steal the life force of nearby defeated enemies. [demonic ancestry]
   784 | D:2      | Reached XP level 3. HP: 24/24 MP: 8/8
  1072 | D:2      | Gained mutation: You have sharp toenails. [demonic ancestry]
  1072 | D:2      | Reached XP level 4. HP: 22/30 MP: 3/9
  1279 | D:2      | Found a basalt altar of Yredelemnul.
  1391 | D:3      | Reached skill level 5 in Summonings
  1575 | D:3      | Killed from afar by an orc wizard

Action                   |  1- 3 |  4- 6 || total
-------------------------+-------+-------++-------
Melee: Unarmed           |    25 |       ||    25
       Mace              |     3 |       ||     3
       Dagger            |    35 |    27 ||    62
       Short sword       |       |    29 ||    29
Throw: Javelin           |    45 |     8 ||    53
       Tomahawk          |       |     5 ||     5
 Cast: Call Imp          |     3 |     2 ||     5
  Use: Scroll            |     2 |       ||     2
       Potion            |       |     1 ||     1
